 Dungeon Crawl Stone Soup version 0.20-a0-386-g2d247ea (webtiles) character file.

1030 siimphh the Ogre Mage (level 8, -18/74 HPs)
             Began as an Ogre Fire Elementalist on Dec 28, 2016.
             Demolished by an ogre
             ... wielding a +0 giant club
              (27 damage)
             ... on level 4 of the Dungeon on Dec 29, 2016.
             The game lasted 01:07:27 (5715 turns).

siimphh the Ogre Mage (Ogre Fire Elementalist)      Turns: 5715, Time: 01:07:28

Health: -18/74     AC:  7    Str: 13    XL:     8   Next: 23%
Magic:  16/16      EV: 10    Int: 23    God:
Gold:   112        SH:  0    Dex:  9    Spells: 15/18 levels left

rFire  . . .     SeeInvis .     o - +1 spear
rCold  . . .     Gourm    .     r - +2 robe {MR+}
rNeg   . . .     Faith    .     (no shield)
rPois  .         Spirit   .     (helmet restricted)
rElec  .         Reflect  .     v - +1 cloak
rCorr  .         Harm     .     (gloves unavailable)
MR     +....                    (boots unavailable)
Stlth  ++........               (no amulet)
                                (no ring)
                                (no ring)

@: brilliant
A: unfitting armour, tough skin 1
a: no special abilities


You were on level 4 of the Dungeon.
You were not hungry.

You visited 1 branch of the dungeon, and saw 4 of its levels.

You collected 112 gold pieces.

Inventory:

Hand Weapons
 o - a +1 spear (weapon)
 s - a +0 blowgun
Missiles
 a - 4 tomahawks (quivered)
 e - 123 stones
 t - 34 poisoned needles
Armour
 r - a +2 robe of magic resistance (worn)
 v - a +1 cloak (worn)
 x - a cursed +0 pair of gloves
Wands
 d - a wand of polymorph (13/24)
Scrolls
 c - a scroll of recharging
 f - 5 scrolls of identify {unknown}
 h - 4 scrolls of teleportation {unknown}
 i - a scroll of magic mapping
 w - a scroll of remove curse
Potions
 g - a potion of flight
 p - a potion of curing
Books
 b - a book of Flames

   Spells                             Type                      Level
   a - Flame Tongue                   Conjuration/Fire             1
   b - Throw Flame                    Conjuration/Fire             2
   c - Conjure Flame                  Conjuration/Fire             3
   d - Inner Flame                    Hexes/Fire                   3
   e - Sticky Flame                   Conjuration/Fire             4
   f - Fireball                       Conjuration/Fire             5
Comestibles
 j - 14 fruits
 m - a meat ration
 z - a beef jerky
 A - 3 chunks of flesh


   Skills:
 + Level 2.3 Fighting
 + Level 1.8 Polearms
 + Level 1.5 Throwing
 + Level 2.9 Dodging
 + Level 2.0 Stealth
 + Level 5.5 Spellcasting
 + Level 3.9 Conjurations
 + Level 5.1 Fire Magic


You had 15 spell levels left.
You knew the following spells:

 Your Spells              Type           Power        Failure   Level  Hunger
a - Flame Tongue          Conj/Fire      #####        1%          1    None
b - Throw Flame           Conj/Fire      #####.       1%          2    None


Dungeon Overview and Level Annotations

Branches:
Dungeon (4/15)
 Temple: D:4-7

Altars:


Innate Abilities, Weirdness & Mutations

You are too large for most types of armour.
You have tough skin. (AC +1)


Message History

Your +0 spear glows red for a moment.
The ogre hits you with a giant club!
* * * LOW HITPOINT WARNING * * *
As you read the scroll labeled TANEIVA KIEMU, it crumbles to dust.
You feel blessed for a moment.
It was a scroll of remove curse.
The ogre barely misses you.
As you read the scroll labeled BYUMAV ZICUCIN, it crumbles to dust.
You feel aware of your surroundings.
It was a scroll of magic mapping.
The ogre closely misses you.
As you read the scroll labeled VOPNUME ORHOFE, it crumbles to dust.
It is a scroll of recharging.
Charge which item? (? for menu, Esc to quit)
Your wand of polymorph (?/24) {zapped: 4} glows for a moment.
Evoke which item? (* to show all) (? for menu, Esc to quit)
Zapping:
d - a wand of polymorph (?/24) {recharged} (will waste charges)
Press: ? - help, Shift-Dir - straight line, f/p - ogre
Aim: an ogre, wielding a giant club (lightly wounded, inner flame, chance to defeat MR: 46%)
The ogre resists with some effort.
Evoking this partially-identified wand wasted a few charges.
The ogre hits you with a giant club!!
You die...

,,**,,,,,,#.........####.#
*** ,,,,,****..###......#
*,##**,* **,,**
*#..*###...## *#.#*,#*
**,,* *...#* ###.##
*..#*.## *,,* **....#*
##.####.###..*
**,***,,#...#*
#.##......#**
*,,**,###.>.#* #..#.....#*
*,,,,,.......###.......#*
**,,,,,.......@O.###...##
**,****,########..####.##
**,** *,* ##..<####.###**
,,,* *** #......##...#,*
,,,** #.##......#..#*
,**,* ##*#####.###..#
,**** #.# *..# ** #.#**,.#
#.#*,,*#


You could see an ogre (inner flame).

Vanquished Creatures
  Pikel (D:4)
  Grinder (D:3)
  A howler monkey (D:4)
  A hound (D:4)
  A bullfrog skeleton (D:4)
  An iguana (D:4)
  An orc wizard (D:3)
  A worker ant (D:3)
  4 adders
  4 gnolls
  An ooze (D:1)
  4 worms
  2 dart slugs (D:3)
  6 leopard geckos
  12 orcs
  4 ball pythons (D:2)
  2 giant cockroaches
  8 hobgoblins
  4 jackals
  3 quokkas
  16 bats
  6 frilled lizards
  8 goblins
  8 kobolds
  11 rats
111 creatures vanquished.

Notes
Turn   | Place    | Note
-------+----------+-------------------------------------------
     0 | D:1      | siimphh the Ogre Fire Elementalist began the quest for the Orb.
     0 | D:1      | Reached XP level 1. HP: 16/16 MP: 3/3
    98 | D:1      | Reached XP level 2. HP: 14/24 MP: 0/5
   745 | D:1      | Reached XP level 3. HP: 31/31 MP: 4/7
  1169 | D:2      | Reached skill level 1 in Conjurations
  1227 | D:2      | Learned a level 2 spell: Throw Flame
  1896 | D:2      | Reached XP level 4. HP: 32/39 MP: 0/8
  2895 | D:2      | Reached XP level 5. HP: 37/46 MP: 2/10
  2995 | D:3      | Reached skill level 1 in Throwing
  3383 | D:3      | Noticed Grinder
  3390 | D:3      | Paralysed by Grinder for 4 turns
  4288 | D:3      | Killed Grinder
  4288 | D:3      | Reached XP level 6. HP: 28/54 MP: 1/12
  4384 | D:3      | Upgraded the game from 0.20-a0-379-gc0b65bf to 0.20-a0-386-g2d247ea
  4917 | D:3      | Reached skill level 1 in Fighting
  5036 | D:3      | Reached XP level 7. HP: 36/62 MP: 0/13
  5305 | D:4      | Noticed Pikel
  5417 | D:4      | Killed Pikel
  5417 | D:4      | Reached skill level 1 in Polearms
  5417 | D:4      | Reached skill level 5 in Spellcasting
  5417 | D:4      | Reached skill level 5 in Fire Magic
  5417 | D:4      | Reached XP level 8. HP: 60/72 MP: 2/16
  5715 | D:4      | Demolished by an ogre

Vault maps used:
D:1:      zelgadis_glass_arrival_small, serial_glass, glass_columns_a,
          glass_columns_a, glass_columns_b, glass_columns_a
D:2:      nrook_mini_backslash, minmay_shallow_snake_nest
D:3:      minmay_door_path, roderic_batcave, minivault_5, st_stairs_4,
          uniq_grinder
D:4:      minmay_misc_feat_pillars, uniq_pikel, uniq_natasha

Skill      XL: |  1  2  3  4  5  6  7 |
---------------+----------------------+-----
Dodging        | 2 |  2.9
Fire Magic     | 3 4 5 |  5.1
Conjurations   | 1 2 3 |  3.9
Spellcasting   | 3 4 5 |  5.5
Throwing       | 1 |  1.5
Fighting       | 1 2 |  2.3
Polearms       | 1 |  1.8
Stealth        | 2 |  2.0

Action                   |  1- 3 |  4- 6 |  7- 9 || total
-------------------------+-------+-------+-------++-------
Melee: Unarmed           |     9 |       |       ||     9
       Club              |    20 |     8 |       ||    28
       Spear             |       |    53 |     9 ||    62
Throw: Stone             |    28 |    12 |       ||    40
       Tomahawk          |    18 |    16 |       ||    34
 Cast: Flame Tongue      |    49 |    65 |    36 ||   150
       Throw Flame       |    18 |    68 |    14 ||   100
Evoke: Wand              |       |       |     1 ||     1
  Use: Potion            |     3 |       |     4 ||     7
       Scroll            |       |       |     5 ||     5
  Eat: Chunk             |     4 |     8 |     3 ||    15
       Bread ration      |       |     1 |       ||     1
Armor: Robe              |    12 |    87 |    26 ||   125
Dodge: Dodged            |    22 |    85 |    25 ||   132
